 Dungeon Crawl Stone Soup version 0.31.0-32-g396128a36d (webtiles) character file.

Game seed: 3078741865979388180

116 hawla the Slasher (level 4, -1/37 HPs)
             Began as a Minotaur Gladiator on Apr 19, 2024.
             Slain by Grinder (6 damage)
             ... on level 3 of the Dungeon.
             The game lasted 00:03:08 (2110 turns).

hawla the Slasher (Minotaur Gladiator)              Turns: 2110, Time: 00:03:09

Health: -1/37      AC:  4    Str: 18    XL:     4   Next: 70%
Magic:  3/3        EV: 12    Int:  5    God:
Gold:   119        SH:  0    Dex: 14    Spells: 3/3 levels left

rFire   . . .        a - +0 long sword
rCold   . . .        (no shield)
rNeg    . . .        b - +0 leather armour
rPois   +            c - +0 hat
rElec   .            l - +0 cloak
rCorr   .            (no gloves)
SInv    .            (no boots)
Will    .....        (no amulet)
Stlth   +            g - ring of poison resistance
HPRegen 0.26/turn    (no ring)
MPRegen 0.08/turn

%: no passive effects
@: no status effects
A: horns 2, retaliatory headbutt
a: no special abilities


You were on level 3 of the Dungeon.
You visited 1 branch of the dungeon, and saw 3 of its levels.

You collected 119 gold pieces.

Inventory:

Hand Weapons
 a - a +0 long sword (weapon)
Missiles
 d - 3 throwing nets
 f - 3 poisoned darts (quivered)
Armour
 b - a +0 leather armour (worn)
 c - a +0 hat (worn)
 l - a +0 cloak (worn)
Jewellery
 g - a ring of poison resistance (left hand)
Wands
 n - a wand of paralysis (10)
Scrolls
 i - a scroll of noise {unknown}
 j - 2 scrolls of poison
 m - a scroll of vulnerability {unknown}
 o - a scroll of identify
Potions
 e - 2 potions of curing
 h - a potion of magic {unknown}
 k - a potion of heal wounds {unknown}


   Skills:
 - Level 2.4 Fighting
 + Level 6.6 Long Blades
 - Level 2.0 Throwing
 - Level 3.2 Dodging


You had 3 spell levels left.
You didn't know any spells.
Your spell library was empty.

Dungeon Overview and Level Annotations

Branches:
Dungeon (3/15)

Altars:
Okawaru
Ru

Annotations:
D:3 Grinder


Innate Abilities, Weirdness & Mutations

You have a pair of horns on your head.
You reflexively headbutt those who attack you in melee.


Message History

Found a ring mail.
The orc hits you with a +0 mace.
You hit the orc but do no damage. You headbutt the orc, but do no damage.
The orc closely misses you.
You slash the orc!
You kill the orc!
Grinder comes into view.
Items here: ) = [ †.
Grinder is nearby!
Grinder is nearby!
Grinder hits you.
You closely miss Grinder. Grinder barely misses you.
You barely miss Grinder. Grinder closely misses you.
You completely miss Grinder. You headbutt Grinder.
Grinder is lightly wounded.
Grinder hits you.
You writhe in agony.
You slash Grinder! You headbutt Grinder.
Grinder is heavily wounded.
Grinder blinks!
You closely miss Grinder. You headbutt Grinder.
Grinder is severely wounded.
Grinder hits you.
You writhe in agony.
You hit Grinder. Your headbutt misses Grinder.
Grinder is severely wounded.
Grinder blinks!
You hit Grinder.
Grinder is almost dead.
Grinder hits you!
You writhe in agony.
* * * LOW HITPOINT WARNING * * *
You are too injured to fight recklessly!
You are too injured to fight recklessly!
You are too injured to fight recklessly!
You hit Grinder but do no damage.
Grinder is almost dead.
Grinder says, "Just stop there for a second..."
Grinder hits you.
* * * LOW HITPOINT WARNING * * *
You writhe in agony.
You die...
Grinder says, "Now the real fun starts!"

*,* *,*##.#.#(###.###.#####
*,* *,,,....[.###.##...####
*,* ****#....###....#*#.####
*,* *...........# #..... *,*
**...##.....###..###
*,*****#######.###.####...#.#
*,,,,,,........##...####.##.#
*******####.....).?..[...##.#
#.##@##...#######.#
#,*#5###### #.# *,*#.#***
###.# *,,...,,* #...#
*,*#.#*,* ###.#.### *,*#.#*,*
#...#...# *,,..#*,* #.#####.#
****,,###*,* #...#...#
*,,,,,****,* ###.#.###


You could see Grinder.

Vanquished Creatures
  Ijyb (D:3)
  2 adders
  A dart slug (D:1)
  3 ribbon worms
  An orc (D:3)
  7 ball pythons
  4 bats
  6 endoplasms
  5 giant cockroaches
  4 goblins
  3 hobgoblins
  7 jackals
  2 quokkas
  2 frilled lizards
  6 kobolds
  4 rats
58 creatures vanquished.

Notes
Turn   | Place    | Note
-------+----------+-------------------------------------------
     0 | D:1      | hawla the Minotaur Gladiator began the quest for the Orb.
     0 | D:1      | Reached XP level 1. HP: 18/18 MP: 0/0
    32 | D:1      | Found a faded altar of an unknown god.
    89 | D:1      | Reached skill level 4 in Long Blades
    95 | D:1      | Reached XP level 2. HP: 24/25 MP: 1/1
   393 | D:1      | Reached skill level 5 in Long Blades
   519 | D:1      | Reached XP level 3. HP: 30/30 MP: 2/2
  1041 | D:2      | Found a sacrificial altar of Ru.
  1731 | D:3      | Reached skill level 6 in Long Blades
  1731 | D:3      | Reached XP level 4. HP: 36/37 MP: 3/3
  1854 | D:3      | Found an iron altar of Okawaru.
  1907 | D:3      | Noticed Ijyb
  1912 | D:3      | Paralysed by Ijyb for 5 turns
  1919 | D:3      | Paralysed by Ijyb for 2 turns
  1927 | D:3      | Killed Ijyb
  2097 | D:3      | Noticed Grinder
  2110 | D:3      | Slain by Grinder

Illustrated notes

Levels and vault maps discovered:
D:1:      enne_arrival_octagon_isle, layout_loops_ring,
          shapermc_ecumenical_altar_ellora
D:2:      layout_basic, basic_altar, st_stairs_13, chequers_serial_rivers_marsh,
          corexii_shack, nicolae_elevator_lobby_plus
D:3:      layout_loops_ring, nicolae_overflow_crystal_walls, uniq_ijyb,
          uniq_grinder

Skill      XL: |  1  2  3 |
---------------+----------+-----
Long Blades    | 4 5 6 |  6.6
Fighting       | |  2.4
Throwing       | |  2.0
Dodging        | |  3.2

Action                     |  1- 3 |  4- 6 || total
---------------------------+-------+-------++-------
  Melee: Long sword        |    98 |    41 ||   139
         Headbutt          |    15 |    11 ||    26
  Throw: Dart              |       |     1 ||     1
    Use: Scroll            |     5 |       ||     5
   Stab: Sleeping          |     1 |     1 ||     2
 Armour: Leather armour    |    58 |    27 ||    85
  Dodge: Dodged            |    69 |    15 ||    84
